 Dungeon Crawl Stone Soup version 0.19.0 (webtiles) character file.

548304 Dioneo the Slayer (level 24, 0/355 HPs)
             Began as a Minotaur Fighter on Nov 1, 2016.
             Was an Elder of Trog.
             Incinerated by a mottled draconian (1 damage)
             ... with a splash of liquid fire
             ... on level 3 of the Realm of Zot on Nov 2, 2016.
             The game lasted 04:36:25 (65295 turns).

Dioneo the Slayer (Minotaur Fighter)               Turns: 65295, Time: 04:36:26

Health: 0/355      AC: 35    Str: 36    XL:     24   Next: 97%
Magic:  28/29      EV: 24    Int:  9    God:    Trog [****..]
Gold:   618        SH: 27    Dex: 24    Spells: 0 memorised, 23 levels left

rFire  + . .     SeeInvis .     q - +9 eveningstar (crush)
rCold  + . .     Gourm    .     T - +4 plate armour "Birghe" {rCorr Int+6}
rNeg   . . .     Faith    .     N - +0 large shield
rPois  .         Spirit   .     V - +0 hat "Tiqoorho" {rElec Str+8 Dex+4 Stlth-}
rElec  +         Reflect  .     O - +1 cloak
rCorr  +         Harm     .     b - +2 pair of gloves {archery}
MR     +....                    k - +2 pair of boots {run}
Stlth  ..........               (no amulet)
                                K - ring of Eqiez {rF+ Stlth+}
                                Y - ring of protection from cold

@: berserking, liquid flames, about to teleport, glowing, constricted, very
quick
A: retaliatory headbutt, horns 2, deterioration 1, dopey 1, MP-powered wands
a: Berserk, Trog's Hand, Brothers in Arms, Burn Spellbooks, Renounce Religion
}: 3/15 runes: serpentine, barnacled, abyssal


You were on level 3 of the Realm of Zot.
You worshipped Trog.
Trog was greatly pleased with you.
You were not hungry.

You visited 9 branches of the dungeon, and saw 44 of its levels.
You visited the Abyss 1 time.
You also visited: Sewer and Ossuary.

You collected 4951 gold pieces.
You spent 4333 gold pieces at shops.

Inventory:

Hand Weapons
 n - the +9 morningstar of Reapportionment {flame, MR+}
   (Trog gifted it to you on level 3 of the Abyss)

   It has been specially enchanted to burn those struck by it, causing extra
   injury to most foes and up to half again as much damage against particularly
   susceptible opponents.
   It affects your resistance to hostile enchantments.
 q - a +9 eveningstar of crushing (weapon)
Missiles
 i - 98 javelins (quivered)
Armour
 b - a +2 pair of gloves of archery (worn)
 k - a +2 pair of boots of running (worn)
 N - a +0 large shield (worn)
 O - a +1 cloak (worn)
 T - the +4 plate armour "Birghe" (worn) {rCorr Int+6}
   (You found it on level 2 of the Vaults)

   It affects your intelligence (+6).
   It protects you from acid and corrosion.
 V - the +0 hat "Tiqoorho" (worn) {rElec Str+8 Dex+4 Stlth-}
   (You found it on level 3 of the Vaults)

   It affects your strength (+8).
   It affects your dexterity (+4).
   It insulates you from electricity.
   It makes you less stealthy.
Jewellery
 c - the ring of Qapnetuh {Ice MR+ Dex+5}
   (You took it off a deep elf mage on level 2 of the Depths)

   [ring of ice]

   It enhances your ice magic.
   It affects your dexterity (+5).
   It makes you vulnerable to fire.
   It protects you from cold.
   It affects your resistance to hostile enchantments.
 m - an uncursed ring of see invisible
 r - an uncursed ring of positive energy
 v - an uncursed ring of protection from magic
 A - an uncursed ring of poison resistance
 F - an uncursed ring of resist corrosion
 K - the ring of Eqiez (right hand) {rF+ Stlth+}
   (You took it off a frost giant on level 4 of the Depths)

   [ring of stealth]

   It protects you from fire.
   It makes you more stealthy.
 P - the ring "Geits" {+Blink rPois rN++ MR- Int+3}
   (You found it on level 2 of the Depths)

   [ring of intelligence]

   It affects your intelligence (+3).
   It protects you from poison.
   It greatly protects you from negative energy.
   It affects your resistance to hostile enchantments.
   It lets you blink.
 R - an uncursed ring of flight
 Y - a ring of protection from cold (left hand)
Wands
 e - a wand of digging (20/24)
 g - a wand of hasting (1/9)
 t - a wand of acid (0/15)
 u - a wand of teleportation (0/9)
 z - a wand of digging (9/24)
 M - a wand of disintegration (5/24)
Scrolls
 a - 7 scrolls of recharging
 l - 2 scrolls of holy word
 s - 20 scrolls of remove curse
 w - 9 scrolls of fear
 x - 5 scrolls of magic mapping
 B - 9 scrolls of enchant weapon
 C - 8 scrolls of enchant armour
 G - 4 scrolls of identify
 L - 4 scrolls of fog
 S - a scroll of silence
Potions
 h - 8 potions of flight
 j - 2 potions of cure mutation
 o - a potion of invisibility
 p - 2 potions of cancellation
 E - 2 potions of resistance
 H - 7 potions of agility
 J - 3 potions of curing
 Q - 2 potions of brilliance
 W - 2 potions of magic
Miscellaneous
 d - a disc of storms
 D - a fan of gales
 U - a lamp of fire (inert)
 X - 2 boxes of beasts
Comestibles
 f - 7 meat rations
 I - a royal jelly


   Skills:
 + Level 23.7 Fighting
 - Level 20.4 Maces & Flails
 - Level 10.1 Throwing
 + Level 22.1 Armour
 + Level 21.2 Dodging
 + Level 21.2 Shields
 - Level 10.0 Evocations


You had 23 spell levels left.
You didn't know any spells.

Dungeon Overview and Level Annotations

Branches:
Dungeon (15/15)            Temple (1/1) D:5            Lair (6/6) D:8
 Shoals (4/4) Lair:3        Snake (4/4) Lair:3        Slime (0/5) Lair:5
    Orc (2/2) D:10            Elf (0/3) Orc:2        Vaults (4/5) D:14
 Depths (5/5) D:15            Zot (3/5) Depths:5
  Crypt: Vaults:2-3

Altars:
Ashenzari
Cheibriados
Fedhas
Gozag
Hepliaklqana
Makhleb
Nemelex Xobeh
Okawaru
Qazlal
Sif Muna
Trog
Vehumet
Xom
Yredelemnul
The Shining One
Lugonu

Shops:
D:13 !:[   Orc:2 [:*(   Shoals:4 *   Snake:1 [   Snake:4 ==}   Vaults:1 *
Vaults:2 =   Vaults:4 }   Depths:1 :%[   Depths:2 %!   Depths:4 ?

Portals:
Hell: Depths:1 Depths:2 Depths:3 Depths:4 Depths:5
Abyss: Depths:1 Depths:4
Pandemonium: Depths:3
Ziggurat: Depths:4

Annotations:
D:3 Robin
D:9 Glass case
Lair:1 exclusions: oklob plant and 1 more exclusion


Innate Abilities, Weirdness & Mutations

You reflexively headbutt those who attack you in melee.
You have a pair of horns on your head.
Your body sometimes deteriorates upon taking damage.
You are dopey. (Int -2)
You expend magic power (3 MP) to strengthen your wands.


Message History

You block the black draconian's attack.
A yellow draconian monk comes into view.
You closely miss the green draconian scorcher.
Your headbutt misses the green draconian scorcher.
The green draconian scorcher is moderately wounded.
You are covered in liquid flames!
* * * LOW HITPOINT WARNING * * *
You block the mottled draconian's attack.
The tentacled monstrosity tentacle-slaps you but does no damage.
You block the tentacled monstrosity's attack.
The tentacled monstrosity misses you.
* * * LOW HITPOINT WARNING * * *
The tentacled monstrosity constricts you!
You block the green draconian scorcher's attack. x2
The black draconian barely misses you.
The purple draconian zealot hits you but does no damage.
You bludgeon the green draconian scorcher!!
The green draconian scorcher is heavily wounded.
You are covered in liquid flames!
You die...

**,,,,,,,,,,,,*,,,,*
*,,............#,,,*
*,,.<..........#,.,****
*,,............#.,,,,,*
***.............,,,,,,*
*#.......4.)#*,,,,,,**
#......y..?#*****,,,*
#.....qXd..## *,,,*
#.....d@†...# *,,,*
*#####.)q....# *****
*,,,*#.>..d..#
*,,,.........#*
*,,...........#*
**#...####.....#* ####*
*#.d...** *#..q.,**
**,,,,,*****


You could see a tentacled monstrosity, a yellow draconian monk, a black
draconian (berserk), a mottled draconian (berserk), a purple draconian, a white
draconian, a purple draconian zealot, a green draconian scorcher, a moth of
wrath and a hellwing.

Vanquished Creatures
  An orb of fire (Zot:3)
  Mara (Depths:2)
  A juggernaut (Depths:5)
  Sojobo (Depths:2)
  Margery (Depths:2)
  Saint Roka (Depths:2)
  Frederick (Vaults:2)
  A caustic shrike (Depths:2)
  A Killer Klown (Zot:2)
  2 golden dragons
  the Enchantress (Depths:2)
  A profane servitor (Abyss:3)
  A bone dragon (Depths:5)
  10 tentacled monstrosities
  Rupert (D:14)
  2 liches
  5 quicksilver dragons
  A titan (Depths:2)
  Polyphemus (Shoals:3)
  A kraken (Shoals:1)
  2 death cobs
  2 Executioners (Abyss:3)
  4 shadow dragons
  A sphinx (Depths:2)
  A tentacled starspawn (Abyss:3)
  Roxanne (Shoals:1)
  4 draconian monks
  7 tengu reavers
  6 storm dragons
  Ilsuiw (Shoals:4)
  7 nagarajas
  13 fire giants
  A draconian knight (Depths:5)
  An iron dragon (Depths:2)
  An orc warlord (Orc:2)
  10 vault wardens
  4 cacodemons (Abyss:3)
  A deep elf sorcerer (Vaults:2)
  Aizul (Shoals:1)
  3 draconian zealots
  6 draconian scorchers
  4 draconian shifters
  10 frost giants
  11 ironheart preservers
  A draconian annihilator (Zot:1)
  3 war gargoyles (Vaults:2)
  4 spriggan defenders
  22 stone giants
  A caustic shrike skeleton (Depths:4)
  An ophan (Abyss:3)
  10 green draconians
  4 draconian callers
  18 very ugly things
  2 vampire knights
  7 black draconians
  4 yellow draconians
  An entropy weaver (Vaults:4)
  4 purple draconians
  Azrael (D:12)
  A deep elf annihilator (Vaults:2)
  3 red draconians (Zot:1)
  5 white draconians
  3 mottled draconians
  3 spark wasps
  2 deep elf death magi
  A green death (Abyss:3)
  2 deep elf high priests
  10 merfolk javelineers
  12 ogre magi
  9 ettins
  10 fire dragons
  6 great orbs of eyes
  9 merfolk impalers
  Josephine (D:14)
  9 yaktaur captains
  6 rakshasas
  4 jiangshi
  7 hydras
  8 spriggan air magi
  22 vault guards
  7 ice dragons
  Erolcha (D:12)
  Fannar (D:11)
  3 alligator snapping turtles
  An anaconda (shapeshifter) (Vaults:2)
  4 merfolk avatars
  3 catoblepae
  9 merfolk aquamancers
  15 naga warriors
  15 anacondas
  5 death yaks
  5 centaur warriors
  4 tengu warriors
  9 deep troll shamans
  3 vampire magi
  A satyr (Shoals:1)
  7 thrashing horrors (Abyss:3)
  7 orc high priests
  4 deep troll earth magi
  11 shock serpents
  Sonja (Orc:2)
  7 deep elf knights
  5 spriggan berserkers
  17 naga sharpshooters
  A soul eater (Depths:3)
  An iron troll (shapeshifter) (Vaults:2)
  2 shadow wraiths (Vaults:4)
  5 wretched stars (Abyss:3)
  An iron troll (Depths:5)
  18 sea snakes
  3 sixfirhies (Abyss:3)
  A spatial maelstrom (Abyss:3)
  2 salamander mystics
  7 glowing orange brains
  17 hell knights
  2 flayed ghosts
  18 deep trolls
  A deep troll (shapeshifter) (Depths:4)
  4 deep elf archers
  10 naga ritualists
  5 unseen horrors
  A lindwurm (Lair:6)
  4 necromancers
  4 wizards
  14 ironbrand convokers
  10 orc knights
  A tengu skeleton (Depths:4)
  A sphinx zombie (Depths:4)
  9 hill giants
  21 harpies
  7 wolf spiders
  21 salamanders
  50 ugly things
  11 fauns
  15 mana vipers
  12 deep elf magi
  5 orc sorcerers
  12 moths of wrath
  17 cyclopes
  9 elephants
  A shadow dragon skeleton (Abyss:3)
  14 manticores
  A faun (shapeshifter) (Depths:2)
  A worldbinder (Abyss:3)
  5 sirens
  35 black mambas
  3 water nymphs
  36 naga magi
  Maurice (D:13)
  An apocalypse crab (Abyss:3)
  A torpor snail (shapeshifter) (Depths:2)
  A centaur zombie (D:15)
  12 vault sentinels
  10 spiny frogs
  An orange demon (Abyss:3)
  3 guardian serpents
  2 smoke demons (Abyss:3)
  A torpor snail (Lair:4)
  A spiny frog (shapeshifter) (Vaults:4)
  2 rime drakes (shapeshifter)
  2 kobold demonologists
  4 rime drakes
  A yaktaur (shapeshifter) (Vaults:4)
  2 efreet (Abyss:3)
  6 freezing wraiths
  48 yaktaurs
  9 komodo dragons
  5 hellwings (Depths:3)
  4 ancient zymes (Abyss:3)
  3 tengu conjurers
  6 wind drakes
  2 red devils (Depths:3)
  A polar bear (Lair:5)
  A jumping spider (shapeshifter) (Vaults:2)
  13 trolls
  51 merfolk
  A raiju (shapeshifter) (Abyss:3)
  A queen bee (shapeshifter) (Depths:1)
  9 blink frogs
  3 meliai (D:15)
  21 slime creatures
  18 two-headed ogres
  6 hornets
  29 raiju (Abyss:3)
  A slime creature (shapeshifter) (Depths:1)
  15 snapping turtles
  21 dream sheep
  18 hippogriffs
  2 flying skulls (Abyss:3)
  A human simulacrum (Vaults:3)
  Sigmund (D:6)
  6 air elementals
  3 shadows
  16 water elementals
  A centaur simulacrum (D:15)
  6 spriggans
  3 wyverns
  8 wraiths
  A hog (shapeshifter) (Vaults:4)
  59 yaks
  A tarantella (shapeshifter) (Vaults:4)
  A human (D:14)
  A yak (shapeshifter) (Depths:4)
  6 basilisks
  37 large abominations (Abyss:3)
  A ynoxinul (Abyss:3)
  A hungry ghost (D:15)
  2 fire elementals (D:12)
  2 steam dragons
  2 vampire mosquitoes (D:11)
  2 golden eyes (Abyss:3)
  58 nagas
  5 wargs
  A soldier ant (shapeshifter) (Depths:2)
  4 hell hounds (D:12)
  18 water moccasins
  5 floating eyes
  6 porcupines
  Purgy (Sewer)
  36 orc warriors
  A swamp drake (D:10)
  3 ice beasts
  A sky beast (D:5)
  A fire dragon simulacrum (Abyss:3)
  2 eyes of draining (Abyss:3)
  3 phantoms
  37 ogres
  4 necrophages (D:10)
  14 boggarts
  8 wolves
  15 centaurs
  14 crocodiles
  7 big kobolds
  3 wyvern zombies
  23 bullfrogs
  2 water moccasin zombies
  A gnoll sergeant (D:8)
  A wyvern skeleton (D:9)
  3 scorpions
  A scorpion (shapeshifter) (Vaults:2)
  13 small abominations (Abyss:3)
  12 wights
  17 killer bees
  An electric eel (Lair:3)
  4 howler monkeys
  9 crimson imps
  3 bullfrog zombies
  21 starcursed masses (Abyss:3)
  8 hounds
  A human zombie (Ossuary)
  15 jellies
  11 orc priests
  8 centaur skeletons
  2 bullfrog skeletons
  5 iguanas
  An iron imp (Abyss:3)
  22 orc wizards
  11 worker ants
  2 killer bee zombies (D:8)
  A hound zombie (D:10)
  A hound skeleton (D:5)
  3 mummies (Ossuary)
  A worker ant zombie (D:10)
  A howler monkey zombie (D:6)
  13 gnolls
  14 adders
  5 shadow imps
  A white imp (Abyss:3)
  2 oozes
  An adder zombie (D:6)
  2 adder skeletons
  2 worms
  2 dart slugs (D:1)
  7 leopard geckos
  61 orcs
  5 giant cockroaches
  A gnoll zombie (Ossuary)
  8 goblins
  6 hobgoblins
  14 jackals
  22 kobolds
  7 quokkas
  4 ball pythons
  8 bats
  10 frilled lizards
  4 goblin zombies
  2 hobgoblin zombies (Ossuary)
  A leopard gecko skeleton (D:4)
  A quokka skeleton (D:6)
  7 rats
  5 fungi
  A plant (Depths:5)
  A starspawn tentacle (Abyss:3)
  4 tentacles (Shoals:1)
2088 creatures vanquished.

Vanquished Creatures (collateral kills)
  A jiangshi (Depths:5)
  A great orb of eyes (Depths:5)
  A spriggan berserker (Depths:5)
  A hell knight (Depths:1)
  2 deep trolls (Depths:5)
  A hornet (Depths:5)
  A spriggan (Depths:5)
8 creatures vanquished.

Vanquished Creatures (others)
  A water elemental (Shoals:3)
  A boggart (Depths:3)
  A ball lightning (Snake:4)
  A ball python (Snake:1)
  A hobgoblin zombie (Ossuary)
  An orc zombie (Ossuary)
  A bush (Snake:4)
  13 fungi
  46 plants
  6 starspawn tentacles (Abyss:3)
  4 tentacles (Shoals:1)
76 creatures vanquished.

Grand Total: 2172 creatures vanquished

Notes
Turn   | Place    | Note
-------+----------+-------------------------------------------
     0 | D:1      | Dioneo the Minotaur Fighter began the quest for the Orb.
     0 | D:1      | Reached XP level 1. HP: 19/19 MP: 0/0
   368 | D:1      | Reached XP level 2. HP: 24/26 MP: 1/1
  1014 | D:2      | Reached XP level 3. HP: 31/31 MP: 2/2
  1642 | D:3      | Found a glowing drain.
  1658 | Sewer    | Entered a sewer
  1689 | Sewer    | Noticed Purgy
  1700 | Sewer    | Killed Purgy
  1700 | Sewer    | Reached skill level 5 in Shields
  1700 | Sewer    | Reached XP level 4. HP: 18/39 MP: 3/3
  1700 | Sewer    | Reached XP level 5. HP: 21/45 MP: 4/4
  2077 | D:3      | Reached skill level 5 in Maces & Flails
  2140 | D:3      | Noticed Robin
  2312 | D:3      | Found a snail-covered altar of Cheibriados.
  2398 | D:3      | Found a radiant altar of Vehumet.
  3001 | D:4      | Reached XP level 6. HP: 42/51 MP: 5/5
  4153 | D:5      | Entered Level 5 of the Dungeon
  4195 | D:5      | Found a staircase to the Ecumenical Temple.
  4202 | Temple   | Entered the Ecumenical Temple
  4258 | Temple   | Became a worshipper of Trog the Wrathful
  4474 | D:5      | Reached XP level 7. HP: 24/57 MP: 6/6
  4797 | D:5      | Reached skill level 5 in Armour
  4901 | D:5      | Found a stormy altar of Qazlal.
  4997 | D:5      | Found an iron altar of Okawaru.
  5214 | D:6      | Noticed Sigmund
  5235 | D:6      | Reached * piety under Trog
  5235 | D:6      | Reached XP level 8. HP: 56/64 MP: 7/7
  5242 | D:6      | Killed Sigmund
  5319 | D:6      | Found a sand-covered staircase.
  5327 | Ossuary  | Entered an ossuary
  5845 | D:6      | Found a shattered altar of Ashenzari.
  5878 | D:6      | Found a hazy altar of Hepliaklqana.
  6134 | D:7      | Reached ** piety under Trog
  6164 | D:7      | Reached skill level 10 in Maces & Flails
  6354 | D:7      | Reached XP level 9. HP: 20/70 MP: 8/8
  7480 | D:8      | Reached *** piety under Trog
  7930 | D:8      | Found a sparkling altar of Nemelex Xobeh.
  7967 | D:8      | Reached XP level 10. HP: 77/77 MP: 9/9
  8021 | D:8      | Noticed a three-headed hydra
  8028 | D:8      | Killed a three-headed hydra
  8028 | D:8      | Reached skill level 10 in Shields
  8135 | D:8      | Noticed a death yak
  8137 | D:8      | Noticed a death yak
  8158 | D:8      | Killed a death yak
  8162 | D:8      | Killed a death yak
  8162 | D:8      | Reached skill level 10 in Armour
  8527 | D:8      | Found a staircase to the Lair.
  8778 | Lair:1   | Entered Level 1 of the Lair of Beasts
  9022 | Lair:1   | Reached XP level 11. HP: 82/82 MP: 10/10
  9111 | Lair:1   | Found a blossoming altar of Fedhas.
  9142 | Lair:1   | Noticed an oklob plant
  9560 | Lair:1   | Reached **** piety under Trog
  9799 | Lair:1   | Noticed an eight-headed hydra
  9804 | Lair:1   | Killed an eight-headed hydra
  9804 | Lair:1   | Reached skill level 4 in Fighting
 10027 | Lair:2   | Noticed a seven-headed hydra
 10047 | Lair:2   | Killed a seven-headed hydra
 10134 | Lair:2   | Reached skill level 5 in Fighting
 10465 | Lair:2   | Found a dark tunnel.
 11216 | Lair:3   | Reached skill level 6 in Fighting
 11366 | Lair:3   | Noticed an eight-headed hydra
 11375 | Lair:3   | Killed an eight-headed hydra
 12069 | Lair:3   | Found a staircase to the Shoals.
 12124 | Lair:3   | Reached XP level 12. HP: 53/97 MP: 11/11
 12381 | Lair:3   | Found a staircase to the Snake Pit.
 12430 | Lair:3   | Reached skill level 7 in Fighting
 13556 | Lair:4   | Noticed a seven-headed hydra
 13570 | Lair:4   | Killed a seven-headed hydra
 13570 | Lair:4   | Reached skill level 8 in Fighting
 13792 | Lair:4   | Noticed a seven-headed hydra
 13806 | Lair:4   | Killed a seven-headed hydra
 14162 | Lair:5   | Reached skill level 15 in Shields
 14179 | Lair:5   | Reached skill level 1 in Evocations
 14190 | Lair:5   | Reached skill level 1 in Dodging
 14203 | Lair:5   | Reached skill level 9 in Fighting
 14606 | Lair:5   | Reached ***** piety under Trog
 14609 | Lair:5   | Reached XP level 13. HP: 111/111 MP: 13/13
 14881 | Lair:5   | Received a gift from Trog
 15092 | Lair:5   | Found a staircase to the Slime Pits.
 15420 | Lair:5   | Identified a scroll of acquirement
 15423 | Lair:5   | Got a pitted hat
 15434 | Lair:5   | Identified the +2 hat "Rinaasaq" {rPois Int+5} (You acquired it on level 5 of the Lair of Beasts)
 15451 | Lair:6   | Entered Level 6 of the Lair of Beasts
 15754 | Lair:6   | Reached skill level 10 in Fighting
 16785 | Lair:6   | Reached skill level 5 in Dodging
 16944 | Lair:6   | Reached skill level 15 in Maces & Flails
 17105 | Lair:6   | Received a gift from Trog
 18408 | D:9      | Found a glowing golden altar of the Shining One.
 18408 | D:9      | Found a shimmering altar of Xom.
 18561 | D:10     | Entered Level 10 of the Dungeon
 19027 | D:10     | Found a staircase to the Orcish Mines.
 19553 | D:11     | Received a gift from Trog
 19553 | D:11     | Reached skill level 11 in Fighting
 19618 | D:11     | Reached XP level 14. HP: 124/124 MP: 15/15
 19863 | D:11     | Noticed Fannar
 19875 | D:11     | Killed Fannar
 20044 | D:11     | Got a wavering brass ring
 20048 | D:11     | Identified the ring of Elosadia {rPois rC+ MR- Str+3 Int+4} (You found it on level 11 of the Dungeon)
 20532 | D:12     | Noticed Azrael
 20573 | D:12     | Killed Azrael
 20888 | D:12     | Noticed Erolcha
 20898 | D:12     | Killed Erolcha
 21245 | D:13     | Found Hypsaunt's Antique Armour Shoppe.
 21330 | D:13     | Noticed Maurice
 21342 | D:13     | Killed Maurice
 21417 | D:13     | Received a gift from Trog
 21650 | D:13     | Found Xitoym's Distillery.
 21655 | D:13     | Bought a potion of cancellation for 104 gold pieces
 21682 | D:13     | Found an opulent altar of Gozag.
 21876 | D:13     | Found Kiwoaxep's Book Emporium.
 22534 | D:14     | Noticed Rupert
 22548 | D:14     | Killed Rupert
 22548 | D:14     | Reached skill level 12 in Fighting
 22650 | D:14     | Reached skill level 15 in Armour
 22980 | D:14     | Noticed Josephine
 22990 | D:14     | Killed Josephine
 23140 | D:14     | Reached skill level 5 in Evocations
 23365 | D:14     | Found a gate to the Vaults.
 23390 | D:14     | Reached XP level 15. HP: 124/134 MP: 18/18
 23613 | D:15     | Entered Level 15 of the Dungeon
 23659 | D:15     | Found a staircase to the Depths.
 23659 | D:15     | Noticed a fire giant
 24090 | D:15     | Received a gift from Trog
 24147 | D:15     | Got a brightly glowing dire flail {god gift}
 24400 | D:15     | Identified the +1 dire flail of Plunder {antimagic, Int+7} (Trog gifted it to you on level 15 of the Dungeon)
 24436 | D:15     | Reached skill level 13 in Fighting
 24546 | D:15     | Killed a fire giant
 25316 | Orc:1    | Entered Level 1 of the Orcish Mines
 25692 | Orc:2    | Entered Level 2 of the Orcish Mines
 25719 | Orc:2    | Found Tyunoem's Antique Weapon Shop.
 25958 | Orc:2    | Reached skill level 10 in Dodging
 25990 | Orc:2    | Noticed Sonja
 26033 | Orc:2    | Killed Sonja
 26340 | Orc:2    | Found Nuadal's Book Emporium.
 26352 | Orc:2    | Noticed an orc warlord
 26353 | Orc:2    | Found Cupnac's Antique Armour Emporium.
 26374 | Orc:2    | Killed an orc warlord
 26581 | Orc:2    | Found Omuarhyhe's General Store.
 26588 | Orc:2    | Found a staircase to the Elven Halls.
 26957 | Orc:2    | Bought a shiny plate armour for 1015 gold pieces
 27595 | Snake:1  | Entered Level 1 of the Snake Pit
 27634 | Snake:1  | Reached skill level 14 in Fighting
 27654 | Snake:1  | HP: 9/207 [salamander/trident (12)]
 27895 | Snake:1  | Reached XP level 16. HP: 48/146 MP: 20/20
 28599 | Snake:1  | Found Gulali's Antique Armour Emporium.
 29306 | Snake:2  | Found a bloodstained altar of Trog.
 29572 | Snake:2  | Received a gift from Trog
 30110 | Snake:2  | Received a gift from Trog
 30748 | Snake:3  | Reached skill level 15 in Fighting
 31837 | Snake:3  | Found a hazy altar of Hepliaklqana.
 32309 | Snake:3  | Reached XP level 17. HP: 121/156 MP: 23/23
 32377 | Snake:3  | Received a gift from Trog
 32639 | Snake:4  | Entered Level 4 of the Snake Pit
 33640 | Snake:4  | Reached skill level 10 in Evocations
 33679 | Snake:4  | Reached skill level 1 in Throwing
 34175 | Snake:4  | Reached skill level 16 in Fighting
 34435 | Snake:4  | Received a gift from Trog
 35364 | Snake:4  | Got a serpentine rune of Zot
 35751 | Snake:4  | Found Xuinioxt's Jewellery Shoppe.
 35752 | Snake:4  | Found Gyudahaf's Gadget Shop.
 35753 | Snake:4  | Found Uciqienn's Jewellery Shoppe.
 35767 | Snake:4  | Bought an uncursed ring of protection from fire for 425 gold pieces
 35767 | Snake:4  | Bought an uncursed ring of protection from magic for 425 gold pieces
 35769 | Snake:4  | Bought a lamp of fire for 720 gold pieces
 36375 | Shoals:1 | Entered Level 1 of the Shoals
 36375 | Shoals:1 | Noticed a kraken
 36397 | Shoals:1 | Killed a kraken
 36713 | Shoals:1 | Noticed Aizul
 36731 | Shoals:1 | Killed Aizul
 37387 | Shoals:1 | Reached XP level 18. HP: 168/168 MP: 24/24
 37391 | Shoals:1 | Reached skill level 5 in Throwing
 37840 | Shoals:1 | Noticed Roxanne
 37859 | Shoals:1 | Killed Roxanne
 38395 | Shoals:2 | Reached skill level 17 in Fighting
 38642 | Shoals:2 | Received a gift from Trog
 39221 | Shoals:3 | Got an agate-encrusted plate armour
 39233 | Shoals:3 | Identified the +4 plate armour "Heskoll" {-Tele rElec Str+6 Dex+4} (You found it on level 3 of the Shoals)
 39264 | Shoals:3 | Noticed Polyphemus
 39331 | Shoals:3 | Killed Polyphemus
 40109 | Shoals:3 | Received a gift from Trog
 40754 | Shoals:4 | Entered Level 4 of the Shoals
 41154 | Shoals:4 | Noticed Ilsuiw
 41172 | Shoals:4 | Killed Ilsuiw
 41172 | Shoals:4 | Received a gift from Trog
 41840 | Shoals:4 | Got a barnacled rune of Zot
 41970 | Shoals:4 | Reached XP level 19. HP: 167/179 MP: 25/25
 42248 | Shoals:4 | Reached skill level 15 in Dodging
 42382 | Shoals:4 | Reached skill level 18 in Fighting
 42539 | Shoals:4 | Found Igexear's Incredible Inventory.
 43226 | Vaults:1 | Entered Level 1 of the Vaults
 43975 | Vaults:1 | Found Weostril's General Store.
 44802 | Vaults:1 | Got a brightly glowing hat
 44813 | Vaults:1 | Identified the +2 hat of Nemelex Xobeh's Whim {-Cast MR+ Str+4} (You acquired it on level 1 of the Vaults)
 45041 | Vaults:1 | Received a gift from Trog
 46306 | Vaults:2 | Noticed Frederick
 46316 | Vaults:2 | Killed Frederick
 46501 | Vaults:2 | Found Umideph's Jewellery Shoppe.
 46817 | Vaults:2 | Received a gift from Trog
 46959 | Vaults:2 | Reached skill level 10 in Throwing
 47217 | Vaults:2 | Received a gift from Trog
 47303 | Vaults:2 | Received a gift from Trog
 47358 | Vaults:2 | Reached XP level 20. HP: 137/189 MP: 26/26
 47373 | Vaults:2 | Reached skill level 19 in Fighting
 47588 | Vaults:2 | Got a jewelled plate armour
 47599 | Vaults:2 | Identified the +4 plate armour "Birghe" {rCorr Int+6} (You found it on level 2 of the Vaults)
 47659 | Vaults:2 | HP: 2/191 [deep troll (shapeshifter) (10)]
 48536 | Vaults:2 | Received a gift from Trog
 49149 | Vaults:3 | Found a radiant altar of Vehumet.
 49164 | Vaults:3 | Got an encrusted hat
 49175 | Vaults:3 | Identified the +0 hat "Tiqoorho" {rElec Str+8 Dex+4 Stlth-} (You found it on level 3 of the Vaults)
 49473 | Vaults:4 | Received a gift from Trog
 49725 | Vaults:4 | Received a gift from Trog
 50221 | Vaults:4 | Found Tukezipn's Gadget Emporium.
 51097 | Vaults:4 | Received a gift from Trog
 51950 | Depths:1 | Entered Level 1 of the Depths
 51979 | Depths:1 | Reached skill level 20 in Fighting
 51980 | Depths:1 | Reached XP level 21. HP: 150/201 MP: 27/27
 52143 | Depths:1 | Received a gift from Trog
 52651 | Depths:1 | Received a gift from Trog
 52866 | Depths:1 | Found a corrupted altar of Lugonu.
 52867 | Depths:1 | Found a one-way gate to the infinite horrors of the Abyss.
 53050 | Depths:1 | Found Lytoydwo's Book Emporium.
 53052 | Depths:1 | Found Sosuazuf's Food Shoppe.
 53054 | Depths:1 | Found Jair's Antique Armour Emporium.
 53064 | Depths:1 | Bought a bread ration for 65 gold pieces
 53064 | Depths:1 | Bought a bread ration for 65 gold pieces
 53064 | Depths:1 | Bought a bread ration for 65 gold pieces
 53064 | Depths:1 | Bought a bread ration for 65 gold pieces
 53268 | Depths:1 | Received a gift from Trog
 53398 | Depths:1 | Found a gateway to Hell.
 53606 | Depths:2 | Paralysed by a floating eye for 3 turns
 53627 | Depths:2 | Found Reriupsi's Distillery.
 53648 | Depths:2 | Bought a potion of heal wounds for 75 gold pieces
 53648 | Depths:2 | Bought a potion of heal wounds for 75 gold pieces
 53665 | Depths:2 | Noticed Sojobo
 53678 | Depths:2 | Killed Sojobo
 54046 | Depths:2 | Noticed the Enchantress
 54049 | Depths:2 | Noticed Mara
 54053 | Depths:2 | Paralysed by a floating eye for 4 turns
 54055 | Depths:2 | Noticed Dioneo's illusion
 54072 | Depths:2 | Noticed Margery
 54224 | Depths:2 | Killed the Enchantress
 54581 | Depths:2 | Noticed Dioneo's illusion
 54640 | Depths:2 | Noticed Saint Roka
 54657 | Depths:2 | Killed Saint Roka
 54707 | Depths:2 | Received a gift from Trog
 55064 | Depths:2 | Noticed a caustic shrike
 55074 | Depths:2 | Noticed Dioneo's illusion
 55088 | Depths:2 | Killed a caustic shrike
 55448 | Depths:2 | Killed Margery
 55448 | Depths:2 | Reached skill level 21 in Fighting
 55448 | Depths:2 | Reached XP level 22. HP: 165/213 MP: 28/28
 55588 | Depths:2 | Received a gift from Trog
 55624 | Depths:2 | Got a fine iron ring
 55733 | Depths:2 | Found Joackyskesm's Food Boutique.
 55742 | Depths:2 | Identified the ring of Qapnetuh {Ice MR+ Dex+5} (You took it off a deep elf mage on level 2 of the Depths)
 55782 | Depths:2 | Noticed Dioneo's illusion
 55788 | Depths:2 | Killed Mara
 55788 | Depths:2 | Received a gift from Trog
 56320 | Depths:2 | Got a pitted bronze ring
 56322 | Depths:2 | Identified the ring "Mearim" {rN+ Int+3} (You took it off an orc sorcerer on level 2 of the Depths)
 56460 | Depths:2 | Got an ancient silver ring
 56462 | Depths:2 | Identified the ring "Geits" {+Blink rPois rN++ MR- Int+3} (You found it on level 2 of the Depths)
 56483 | Depths:2 | Received a gift from Trog
 56750 | Depths:3 | Cast into level 3 of the Abyss (a lich)
 56750 | Abyss:3  | Found a corrupted altar of Lugonu.
 56982 | Abyss:3  | Gained mutation: Your spells are a little easier to cast, but a little less powerful. [a cacodemon]
 56984 | Abyss:3  | Gained mutation: You occasionally shout uncontrollably at your foes. [a cacodemon]
 57230 | Abyss:3  | Paralysed by accursed screaming for 2 turns
 57240 | Abyss:3  | Received a gift from Trog
 57377 | Abyss:3  | Received a gift from Trog
 57782 | Abyss:3  | Gained mutation: You expend magic power (3 MP) to strengthen your wands. [a cacodemon]
 57787 | Abyss:3  | Gained mutation: You are partially covered in yellow scales. (AC +2) [a cacodemon]
 57798 | Abyss:3  | Received a gift from Trog
 57929 | Abyss:3  | Got an abyssal rune of Zot
 57951 | Abyss:3  | Got a slimy morningstar {god gift}
 57971 | Abyss:3  | Reached XP level 23. HP: 171/222 MP: 7/29
 58025 | Depths:3 | Escaped the Abyss
 58078 | Depths:3 | Lost mutation: You expend magic power (3 MP) to strengthen your wands. [potion of cure mutation]
 58078 | Depths:3 | Lost mutation: You occasionally shout uncontrollably at your foes. [potion of cure mutation]
 58078 | Depths:3 | Lost mutation: Your spells are a little easier to cast, but a little less powerful. [potion of cure mutation]
 58115 | Depths:3 | Reached skill level 22 in Fighting
 58229 | Depths:3 | Identified the +9 morningstar of Reapportionment {flame, MR+} (Trog gifted it to you on level 3 of the Abyss)
 58641 | Depths:3 | Found a one-way gate leading to the halls of Pandemonium.
 59285 | Depths:4 | Found Palof's Magic Scroll Emporium.
 59293 | Depths:4 | Bought a scroll of acquirement for 884 gold pieces
 59312 | Depths:4 | Identified a +1 pair of boots of running (You acquired it on level 4 of the Depths)
 59330 | Depths:4 | Received a gift from Trog
 59891 | Depths:4 | Found a gateway to a ziggurat.
 60251 | Depths:4 | Got a scorched emerald amulet
 60477 | Depths:4 | Got a shimmering lapis lazuli ring
 60480 | Depths:4 | Identified the ring of Eqiez {rF+ Stlth+} (You took it off a frost giant on level 4 of the Depths)
 60608 | Depths:5 | Entered Level 5 of the Depths
 60611 | Depths:5 | Received a gift from Trog
 60645 | Depths:5 | Received a gift from Trog
 60785 | Depths:5 | Gained mutation: You are frail. (-10% HP) [mutagenic glow]
 60834 | Depths:5 | Lost mutation: You are frail. (-10% HP) [potion of cure mutation]
 60834 | Depths:5 | Lost mutation: You are partially covered in yellow scales. (AC +2) [potion of cure mutation]
 61851 | Depths:5 | Noticed a juggernaut
 61865 | Depths:5 | Killed a juggernaut
 61865 | Depths:5 | Reached XP level 24. HP: 225/234 MP: 29/29
 62025 | Depths:5 | Found a gate to the Realm of Zot.
 62489 | Depths:4 | Reached skill level 23 in Fighting
 62551 | Depths:2 | Bought a meat ration for 50 gold pieces
 62551 | Depths:2 | Bought a meat ration for 50 gold pieces
 62551 | Depths:2 | Bought a meat ration for 50 gold pieces
 62551 | Depths:2 | Bought a meat ration for 50 gold pieces
 62551 | Depths:2 | Bought a meat ration for 50 gold pieces
 62551 | Depths:2 | Bought a meat ration for 50 gold pieces
 62551 | Depths:2 | Bought a meat ration for 50 gold pieces
 62693 | Zot:1    | Entered Level 1 of the Realm of Zot
 63958 | Zot:1    | Received a gift from Trog
 64702 | Zot:2    | Received a gift from Trog
 65241 | Zot:3    | Noticed an orb of fire
 65251 | Zot:3    | Gained mutation: You are dopey. (Int -2) [an orb of fire]
 65257 | Zot:3    | Gained mutation: You expend magic power (3 MP) to strengthen your wands. [an orb of fire]
 65259 | Zot:3    | Gained mutation: Your body sometimes deteriorates upon taking damage. [an orb of fire]
 65264 | Zot:3    | Killed an orb of fire
 65287 | Zot:3    | HP: 15/355 [tentacled monstrosity (3)]
 65292 | Zot:3    | HP: 14/355 [burnt (1)]
 65294 | Zot:3    | HP: 1/355 [tentacled monstrosity (8)]
 65295 | Zot:3    | Incinerated by a mottled draconian

Skill      XL: |  1  2  3  4  5  6  7  8  9 10 11 12 13 14 15 16 17 18 19 20 21 22 23 24 |
---------------+-------------------------------------------------------------------------+-----
Shields        | 4 5 6 7 8 9 10 13 15 16 17 19 20 21 | 21.2
Maces & Flails | 3 4 5 6 8 10 12 13 14 15 16 18 19 20 | 20.4
Armour         | 4 5 7 9 10 11 13 14 15 16 17 18 19 20 21 22 | 22.1
Fighting       | 6 9 11 12 14 15 16 17 18 20 21 22 23 | 23.7
Evocations     | 2 5 7 9 10 | 10.0
Dodging        | 2 6 8 10 12 13 14 16 17 18 19 20 21 | 21.2
Throwing       | 4 8 10 | 10.1

Action                   |  1- 3 |  4- 6 |  7- 9 | 10-12 | 13-15 | 16-18 | 19-21 | 22-24 || total
-------------------------+-------+-------+-------+-------+-------+-------+-------+-------++-------
Melee: Flail             |   139 |   186 |   411 |   685 |    85 |       |       |       ||  1506
       Headbutt          |    18 |    32 |   107 |   182 |   376 |   451 |   541 |   596 ||  2303
       Morningstar       |       |       |       |       |   440 |       |       |       ||   440
       Eveningstar       |       |       |       |       |   993 |  1731 |  1607 |  1515 ||  5846
Throw: Javelin           |       |       |     2 |       |     2 |    52 |     6 |     7 ||    69
Invok: Berserk           |       |       |     2 |     8 |    13 |     8 |     7 |     4 ||    42
       Trog's Hand       |       |       |     1 |     4 |    25 |    57 |    62 |    59 ||   208
       Burn Spellbooks   |       |       |     1 |     1 |     2 |     6 |     4 |     4 ||    18
       Brothers in Arms  |       |       |       |       |       |       |     1 |     3 ||     4
Evoke: Wand              |       |     1 |       |     9 |    12 |     6 |     8 |     8 ||    44
       Lamp of fire      |       |       |       |       |       |     2 |     5 |     6 ||    13
       Fan of gales      |       |       |       |       |       |       |     1 |       ||     1
       Disc of storms    |       |       |       |       |       |       |       |    17 ||    17
       Box of beasts     |       |       |       |       |       |       |       |     3 ||     3
  Use: Potion            |     1 |     4 |     4 |     2 |     9 |     9 |    13 |    11 ||    53
       Scroll            |       |     9 |     6 |    10 |     9 |    13 |    12 |    14 ||    73
 Stab: Petrified         |       |       |       |       |     5 |     5 |       |       ||    10
       Confused          |       |       |       |       |     1 |       |       |       ||     1
       Petrifying        |       |       |       |       |       |     1 |       |       ||     1
       Distracted        |       |       |       |       |       |       |     1 |       ||     1
  Eat: Chunk             |     3 |     7 |     8 |    25 |    31 |    12 |     6 |     3 ||    95
       Beef jerky        |       |     1 |       |     1 |     7 |       |     3 |     1 ||    13
       Royal jelly       |       |       |     2 |       |     1 |       |       |       ||     3
       Pizza             |       |       |     1 |     2 |     6 |       |     5 |       ||    14
       Fruit             |       |       |       |       |    18 |     5 |     5 |     5 ||    33
       Meat ration       |       |       |       |       |       |    12 |     2 |     3 ||    17
       Bread ration      |       |       |       |       |       |       |    10 |     9 ||    19
Armor: Scale mail        |    77 |     3 |       |       |       |       |       |       ||    80
       Plate armour      |       |   109 |   179 |   234 |   517 |   655 |   392 |   416 ||  2502
Dodge: Dodged            |    35 |    38 |    72 |    98 |   389 |   710 |   618 |   995 ||  2955
Block: Shield            |    76 |    97 |   209 |   320 |   847 |  1344 |   955 |       ||  3848
       Large shield      |       |       |       |       |       |       |   256 |  1667 ||  1923
